 Dungeon Crawl Stone Soup version 0.17.2-1-ge4368a0 (webtiles) character file.

7897 magipi the Cleaver (level 11, -4/94 (95) HPs)
             Began as a Ghoul Gladiator on Feb 13, 2017.
             Was a Priest of Makhleb.
             Slain by a hill giant
             ... wielding a +0 giant club
              (7 damage)
             ... on level 11 of the Dungeon.
             The game lasted 00:41:46 (6236 turns).

magipi the Cleaver (Ghoul Gladiator)                Turns: 6236, Time: 00:41:46

HP:   -4/94 (95)    AC: 22    Str: 20    XL:     11   Next: 22%
MP:   13/13         EV:  7    Int:  5    God:    Makhleb [***...]
Gold: 521           SH:  0    Dex: 12    Spells: 0 memorised, 10 levels left

rFire  + . .     SeeInvis +     a - +1 war axe (venom)
rCold  + . .     Clarity  .     e - +0 plate armour
rNeg   + + +     SustAt   .     (no shield)
rPois  ∞         Gourm    .     c - +1 helmet
rElec  .         Spirit   .     N - +2 cloak of Complete Protection {Int+2}
rCorr  .         Warding  .     (no gloves)
rMut   +         Stasis   .     P - +1 pair of boots
MR     .....                    y - amulet of resist mutation
Stlth  ..........               f - ring of protection from fire
                                i - ring of see invisible

@: rotting, not resistant to hostile enchantments, extremely unstealthy
A: rotting body, claws 1, carnivore 3, cold resistance 1, negative energy
resistance 3, slow regeneration 1, torment resistance, unbreathing
a: Minor Destruction, Lesser Servant of Makhleb, Renounce Religion


You were on level 11 of the Dungeon.
You worshipped Makhleb.
Makhleb was most pleased with you.
You were not hungry.

You visited 2 branches of the dungeon, and saw 13 of its levels.

You collected 521 gold pieces.

Inventory:

Hand Weapons
 a - a +1 war axe of venom (weapon)
Missiles
 d - a throwing net (quivered)
 I - 18 poisoned needles
Armour
 c - a +1 helmet (worn)
 e - a +0 plate armour (worn)
 l - the +3 chain mail of Chimes {rN+ MR+ Int-5 SInv}
   (You found it on level 4 of the Dungeon)

   It affects your intelligence (-5).
   It protects you from negative energy.
   It affects your resistance to hostile enchantments.
   It lets you see invisible.
 x - a +0 ring mail
 B - a +2 leather armour of cold resistance
 N - the +2 cloak of Complete Protection (worn) {Int+2}
   (You found it on level 9 of the Dungeon)

   It affects your intelligence (+2).
 P - a +1 pair of boots (worn)
Jewellery
 f - a ring of protection from fire (right claw)
 i - a ring of see invisible (left claw)
 s - an uncursed ring of invisibility
 y - an amulet of resist mutation (around neck)
 z - a +2 ring of evasion
Wands
 j - a wand of polymorph (10)
 D - a wand of polymorph (14)
 G - a wand of random effects (28)
 J - a wand of teleportation (2)
 K - a wand of heal wounds (7)
 Q - a wand of magic darts (18)
Scrolls
 k - 2 scrolls of immolation
 r - 4 scrolls of remove curse
 w - a scroll of noise
Potions
 g - 2 potions of lignification
 m - 2 potions of brilliance
 n - a potion of mutation {unknown}
 o - 2 potions of degeneration {unknown}
 p - a potion of poison {unknown}
 q - a potion of agility {unknown}
 F - 3 potions of curing {unknown}
Books
 L - a Necronomicon

   Spells                             Type                      Level
   a - Haunt                          Necromancy/Summoning         7
   b - Borgnjor's Revivification      Necromancy                   8
   c - Death's Door                   Charms/Necromancy            8
   d - Necromutation                  Transmutation/Necromancy     8
Comestibles
 b - 6 meat rations
 C - 2 royal jellies
 H - a slice of pizza
 S - a beef jerky


   Skills:
 - Level 8.6 Fighting
 - Level 10.0 Axes
 - Level 1.7 Throwing
 + Level 8.9 Armour
 - Level 2.6 Dodging
 + Level 4.0 Invocations
 + Level 3.4 Evocations


You had 10 spell levels left.
You didn't know any spells.

Dungeon Overview and Level Annotations

Branches:
Dungeon (12/15)            Temple (1/1) D:6
   Lair: D:8-11         Orc: D:9-12

Altars:
Ashenzari
Cheibriados
Dithmenos
Elyvilon
Fedhas
Gozag
Kikubaaqudgha
Makhleb
Nemelex Xobeh
Qazlal
Ru
Sif Muna
Trog
Vehumet
Xom
Yredelemnul
Zin

Shops:
D:5 %   D:9 %

Annotations:
D:8 exclusion: downstairs
D:12 Nergalle


Innate Abilities, Weirdness & Mutations

Your body is rotting away.
You thrive on raw meat.
You are immune to poison.
You have sharp fingernails.
You are carnivorous and can eat meat at any time.
Your flesh is cold resistant.
You are immune to negative energy.
You regenerate slowly when monsters are visible.
You are immune to unholy pain and torment.
You can survive without breathing.


Message History

You see here a giant club.
You see here a mace.
You hear the urgent ticking of a very distant clock.
You see here a wyvern skeleton.
The shadow slips into darkness.
The shadow flickers and vanishes for a moment.
The shadow barely misses you.
Some of the chunks of flesh in your inventory have rotted away.
The shadow hits you.
The shadow slips into darkness.
The shadow flickers and vanishes for a moment.
The shadow hits you.
All of the chunks of flesh in your inventory have rotted away.
The shadow slips into darkness.
The shadow flickers and vanishes for a moment.
The shadow hits you.
The shadow slips into darkness.
The shadow flickers and vanishes for a moment.
You hear the frantic ticking of a very distant clock.
The shadow hits you.
The shadow slips into darkness.
The shadow flickers and vanishes for a moment.
The shadow barely misses you. The shadow barely misses you.
The shadow hits you.
A killer bee comes into view.
The killer bee buzzes angrily.
The shadow slips into darkness.
The shadow flickers and vanishes for a moment.
A killer bee comes into view.
The killer bee buzzes angrily.
A killer bee comes into view.
The killer bee stings you but does no damage.
The killer bee barely misses you.
The killer bee stings you but does no damage.
The killer bee stings you but does no damage.
The killer bee stings you but does no damage.
The killer bee stings you but does no damage.
There is a stone staircase leading up here.
The killer bee stings you but does no damage.
The killer bee stings you! x2
The killer bee stings you.
You climb upwards.
There is a stone staircase leading down here.
Unknown command.
You hit the killer bee.
The killer bee is poisoned.
The killer bee is severely wounded.
You miss the killer bee.
You kill the killer bee!
Makhleb accepts your kill.
You feel better.
The killer bee stings you but does no damage.
The killer bee stings you.
You hit the killer bee but do no damage.
The killer bee is poisoned.
The killer bee closely misses you.
The killer bee stings you but does no damage.
You miss the killer bee.
The killer bee is lightly wounded.
The killer bee stings you but does no damage. x2
You barely miss the killer bee.
The killer bee is lightly wounded.
The killer bee closely misses you.
The killer bee stings you but does no damage.
You closely miss the killer bee.
The killer bee is moderately wounded.
The killer bee stings you but does no damage. x2
You barely miss the killer bee.
The killer bee is heavily wounded.
The killer bee stings you. The killer bee barely misses you.
You slash the killer bee!
You kill the killer bee!
Makhleb accepts your kill.
You feel better.
The hill giant shouts!
You slash the hill giant!
The hill giant is poisoned.
The hill giant is moderately wounded.
The hill giant hits you with a giant club!
You hit the hill giant.
The hill giant looks even sicker.
The hill giant is heavily wounded.
The hill giant barely misses you.
You hit the hill giant.
The hill giant is heavily wounded.
You hit the hill giant but do no damage.
The hill giant is heavily wounded.
The hill giant hits you with a giant club!!
* * * LOW HITPOINT WARNING * * *
Evoke which item? (* to show all) (? for menu, Esc to quit)
Zapping:
J - a wand of teleportation (4)
Press: ? - help, Shift-Dir - straight line, f - you You feel strangely unstable.
This wand has 3 charges left.
The hill giant hits you with a giant club!
* * * LOW HITPOINT WARNING * * *
Unknown command.
Unknown command.
Evoke which item? (* to show all) (? for menu, Esc to quit)
Zapping:
J - a wand of teleportation (3)
Press: ? - help, Shift-Dir - straight line, f - you You feel strangely stable.
This wand has 2 charges left.
The hill giant hits you with a giant club!
You die...

.#.########..# .#.#
#..##############
.#.#
#...............#
...#
##.############.#
..## #.# ##.## ..#
#.# #...# ### #.#
###...### #)#####
##.......# #..>.@#
#........# #####C#
#........#
.######.####.##...###
..................#
#######.#.#####.###
#.#.# #)# #...# #)#
#...# #)# #...#####.#


You could see a hill giant.

Vanquished Creatures
  2 hill giants
  An ugly thing (D:11)
  Maurice (D:9)
  Joseph (D:7)
  A molten gargoyle (D:10)
  A gargoyle (D:12)
  Grinder (D:5)
  A wyvern (D:12)
  A shadow (D:12)
  5 yaks (D:12)
  A steam dragon (D:11)
  2 hippogriffs
  A hungry ghost (D:3)
  3 water moccasins
  Edmund (D:5)
  An orc warrior (D:6)
  2 ice beasts
  5 ogres
  A crocodile (D:11)
  8 centaurs
  4 giant frogs
  8 killer bees
  2 scorpions
  4 crimson imps
  5 hounds
  A quasit (D:6)
  4 giant frog zombies
  3 iguanas
  3 orc priests
  A centaur skeleton (D:4)
  2 jellies
  10 worker ants
  2 orc wizards
  A hound zombie (D:7)
  3 adders
  4 gnolls
  A shadow imp (D:5)
  2 oozes
  An adder skeleton (D:9)
  A worm (D:4)
  5 giant geckos
  25 orcs
  A giant cockroach (D:1)
  3 hobgoblins
  15 jackals
  3 kobolds
  3 quokkas
  A ball python (D:1)
  6 bats
  2 giant newts (D:6)
  3 goblins
  A jackal zombie (D:5)
  2 quokka skeletons
  9 rats
181 creatures vanquished.

Vanquished Creatures (collateral kills)
  An electric eel (D:12)
1 creature vanquished.

Vanquished Creatures (others)
  5 toadstools (D:1)
5 creatures vanquished.

Grand Total: 187 creatures vanquished

Notes
Turn   | Place    | Note
--------------------------------------------------------------
     0 | D:1      | magipi the Ghoul Gladiator began the quest for the Orb.
     0 | D:1      | Reached XP level 1. HP: 17/17 MP: 0/0
   173 | D:2      | Reached skill level 3 in Axes
   206 | D:2      | Reached XP level 2. HP: 9/24 MP: 1/1
   396 | D:1      | Reached XP level 3. HP: 29/29 MP: 2/2
   740 | D:2      | Reached skill level 4 in Axes
   858 | D:3      | Found an ancient bone altar of Kikubaaqudgha.
  1259 | D:4      | Got a warped chain mail
  1273 | D:4      | Identified the +3 chain mail of Chimes {rN+ MR+ Int-5 SInv} (You found it on level 4 of the Dungeon)
  1273 | D:4      | Lost intelligence.
  1294 | D:4      | Found a blossoming altar of Fedhas.
  1376 | D:4      | Reached XP level 4. HP: 25/35 MP: 3/3
  1559 | D:4      | Found an opulent altar of Gozag.
  1559 | D:4      | Found a sparkling altar of Nemelex Xobeh.
  1585 | D:4      | Noticed a hungry ghost
  1617 | D:3      | Killed a hungry ghost
  1617 | D:3      | Reached skill level 5 in Axes
  1617 | D:3      | Reached XP level 5. HP: 17/40 MP: 4/4
  1668 | D:4      | Reached skill level 6 in Axes
  1668 | D:4      | Reached XP level 6. HP: 8/46 MP: 5/5
  1903 | D:4      | Noticed an ogre
  1915 | D:4      | Killed an ogre
  2043 | D:4      | Reached skill level 7 in Axes
  2043 | D:4      | Reached XP level 7. HP: 51/54 MP: 6/6
  2415 | D:5      | Entered Level 5 of the Dungeon
  2629 | D:5      | Noticed Grinder
  2799 | D:5      | Found Oruy's Food Emporium.
  2933 | D:6      | Reached XP level 8. HP: 50/66 MP: 7/7
  3016 | D:5      | Reached skill level 8 in Axes
  3023 | D:5      | Killed Grinder
  3023 | D:5      | Reached skill level 5 in Fighting
  3166 | D:5      | Noticed Edmund
  3179 | D:5      | Killed Edmund
  3369 | D:6      | Found a staircase to the Ecumenical Temple.
  3385 | Temple   | Entered the Ecumenical Temple
  3439 | Temple   | Became a worshipper of Makhleb the Destroyer
  3543 | D:6      | Reached skill level 9 in Axes
  3543 | D:6      | Reached XP level 9. HP: 23/79 MP: 8/8
  3705 | D:7      | Found a radiant altar of Vehumet.
  3972 | D:7      | Noticed Joseph
  3985 | D:7      | Killed Joseph
  4042 | D:7      | Reached * piety under Makhleb
  4287 | D:8      | Reached skill level 10 in Axes
  4287 | D:8      | Reached skill level 1 in Armour
  4388 | D:8      | Found an ancient bone altar of Kikubaaqudgha.
  4627 | D:9      | Noticed a catoblepas
  4780 | D:9      | Found Huoleassi's Food Shop.
  4858 | D:9      | Reached XP level 10. HP: 80/90 MP: 9/9
  4912 | D:9      | Got a slimy cloak
  4946 | D:9      | Identified the +2 cloak of Complete Protection {Int+2} (You found it on level 9 of the Dungeon)
  5005 | D:9      | Noticed Maurice
  5008 | D:10     | Entered Level 10 of the Dungeon
  5051 | D:10     | Noticed a molten gargoyle
  5052 | D:10     | Noticed a molten gargoyle
  5084 | D:9      | Reached skill level 5 in Armour
  5106 | D:9      | Killed Maurice
  5201 | D:9      | Reached ** piety under Makhleb
  5330 | D:10     | Killed a molten gargoyle
  5355 | D:11     | Noticed a purple ugly thing
  5415 | D:10     | Noticed a molten gargoyle
  5468 | D:11     | Killed a purple ugly thing
  5674 | D:11     | Noticed a hill giant
  5689 | D:11     | Killed a hill giant
  5689 | D:11     | Reached skill level 1 in Invocations
  5689 | D:11     | Reached skill level 1 in Evocations
  5716 | D:11     | Noticed a hill giant
  5722 | D:11     | Noticed a hill giant
  5867 | D:12     | Killed a hill giant
  5890 | D:12     | Reached XP level 11. HP: 32/95 MP: 10/12
  6051 | D:12     | Reached *** piety under Makhleb
  6068 | D:12     | Noticed a hill giant
  6084 | D:12     | Noticed Nergalle
  6113 | D:12     | Noticed a hill giant
  6235 | D:11     | HP: 2/94 [hill giant/giant club (16)]
  6236 | D:11     | Slain by a hill giant

Action                   |  1- 3 |  4- 6 |  7- 9 | 10-12 || total
-------------------------+-------+-------+-------+-------++-------
Melee: War axe           |   123 |    56 |   491 |   301 ||   971
Throw: Throwing net      |       |     1 |     4 |       ||     5
Evoke: Wand              |       |       |       |    10 ||    10
  Use: Potion            |       |     1 |     4 |     3 ||     8
       Scroll            |       |       |     9 |    16 ||    25
 Stab: Held in net/web   |       |     1 |     5 |       ||     6
  Eat: Chunk             |    21 |     6 |    42 |    19 ||    88
       Meat ration       |       |       |       |     1 ||     1

Action                   |  1- 3 |  4- 6 |  7- 9 | 10-12 || total
-------------------------+-------+-------+-------+-------++-------
Melee: War axe           |   123 |    56 |   491 |   301 ||   971
Throw: Throwing net      |       |     1 |     4 |       ||     5
Evoke: Wand              |       |       |       |    10 ||    10
  Use: Potion            |       |     1 |     4 |     3 ||     8
       Scroll            |       |       |     9 |    16 ||    25
 Stab: Held in net/web   |       |     1 |     5 |       ||     6
  Eat: Chunk             |    21 |     6 |    42 |    19 ||    88
       Meat ration       |       |       |       |     1 ||     1
